 Dungeon Crawl Stone Soup version 0.27-a0-412-g8dd771eca2 (webtiles) character file.

Game seed: 12411450730253559124

72 EnegeticOcto the Grave Robber (level 4, -6/33 HPs)
             Began as a Mummy Necromancer on Feb 24, 2021.
             Mangled by Grinder (10 damage)
             ... while paralysed by Grinder
             ... on level 5 of the Dungeon.
             The game lasted 00:06:05 (2745 turns).

EnegeticOcto the Grave Robber (Mummy Necromancer)   Turns: 2745, Time: 00:06:06

Health: -6/33      AC:  2    Str: 11    XL:     4   Next: 6%
Magic:  8/8        EV:  2    Int: 15    God:
Gold:   146        SH:  0    Dex: 12    Spells: 5/9 levels left

rFire    x . .     SeeInvis .   k - +2 quarterstaff
rCold    + . .     Faith    .   (shield currently unavailable)
rNeg     + + +     Spirit   .   a - +0 robe
rPois    ∞         Reflect  +   (no helmet)
rElec    .         Harm     .   (no cloak)
rCorr    .         Rampage  .   (no gloves)
Will     .....                  (no boots)
Stlth    ++........             f - amulet of reflection
HPRegen  0.11/turn              (no ring)
MPRegen  0.11/turn              (no ring)

@: paralysed
A: no potions, fire vulnerability, cold resistance 1, negative energy resistance
3, torment resistance, unbreathing
a: no special abilities


You were on level 5 of the Dungeon.
You visited 1 branch of the dungeon, and saw 4 of its levels.

You collected 146 gold pieces.

Inventory:

Hand Weapons
 c - a +0 dagger
   (You took it off a goblin on level 1 of the Dungeon)
 d - a +0 whip
   (You took it off a kobold on level 1 of the Dungeon)
 h - a +0 hunting sling
   (You found it on level 1 of the Dungeon)
 k - a +2 quarterstaff (weapon)
   (You found it on level 2 of the Dungeon)
Missiles
 e - 14 stones
 g - 42 sling bullets
 l - 14 poisoned darts
Armour
 a - a +0 robe (worn)
Jewellery
 f - an amulet of reflection (around neck)
   (You found it on level 1 of the Dungeon)
Scrolls
 j - a scroll of identify {unknown}
 m - a scroll of fog {unknown}


   Skills:
 * Level 1.7 Fighting
 - Level 1.5 Dodging
 - Level 3.0 Stealth
 - Level 3.0 Spellcasting
 + Level 4.2 Necromancy


You had 5 spell levels left.
You knew the following spells:

 Your Spells              Type           Power        Failure   Level
a - Pain                  Necr           60%          3%          1
b - Vampiric Draining     Necr           7%           11%         3

Your spell library contained the following spells:

 Spells                   Type           Power        Failure   Level
 Animate Skeleton         Necr           30%          3%          1
 Animate Dead             Necr           7%           34%         4
 Agony                    Necr           15%          67%         5


Dungeon Overview and Level Annotations

Branches:
Dungeon (3/15)

Altars:

Annotations:
D:5 Eustachio, Grinder


Innate Abilities, Weirdness & Mutations

You do not drink.
Your flesh is vulnerable to fire.
You are immune to poison.
Your flesh is cold resistant. (rC+)
You are immune to negative energy. (rN+++)
You are immune to unholy pain and torment.
You can survive without breathing.


Message History

You see here a club.
Done exploring.
Done exploring.
Search for what [? for help]? .
Unknown command.
As you read the scroll labelled HIPUDO XUCU, it crumbles to dust.
It is a scroll of enchant weapon.
Your quarterstaff glows red for a moment.
As you read the scroll of enchant weapon, it crumbles to dust.
Your quarterstaff glows red for a moment.
k - a +2 quarterstaff (weapon)
As you read the scroll labelled ZALOCWE HEMYA, it crumbles to dust.
You feel strangely unstable.
It was a scroll of teleportation.
You start waiting.
Your surroundings suddenly seem different.
(D) Dungeon
Where to? (Enter - D:1 @ (x,y), ? - help)
There is a stone staircase leading down here.
You climb downwards.
A rat comes into view.
Found three items.
There is a stone staircase leading up here.
Casting: Pain (safe; 3% risk of failure)
Confirm with . or Enter, or press ? or * to list all spells.
Aiming: Pain (safe; 3% risk of failure)
Press: ? - help, Shift-Dir - straight line, f - rat
Aim: a rat (asleep, chance to affect: 85%)
The rat writhes in agony.
You kill the rat!
Magic restored.
You fall into a shaft and drop 2 floors!
The shaft crumbles and collapses.
Found 12 poisoned darts, 21 sling bullets and a viscous cyan potion.
A frilled lizard and a white imp come into view.
The frilled lizard hisses angrily.
The white imp shouts!
The white imp gestures at you. The puff of frost hits you. You resist.
Found a dagger.
You sock the white imp!
The white imp is almost dead.
You block the white imp's attack.
You hit the white imp but do no damage.
The white imp is almost dead.
You block the frilled lizard's attack. The white imp gestures at you.
The puff of frost misses you.
You hit the white imp but do no damage.
The white imp is almost dead.
You block the white imp's attack.
The frilled lizard bites you but does no damage.
You thump the white imp!
You kill the white imp!
The frilled lizard misses you. The frilled lizard bites you.
You have reached level 4!
You closely miss the frilled lizard. You block the frilled lizard's attack.
You closely miss the frilled lizard. You block the frilled lizard's attack.
You closely miss the frilled lizard. The frilled lizard misses you.
The frilled lizard bites you.
You miss the frilled lizard. You block the frilled lizard's attack.
You barely miss the frilled lizard. The frilled lizard barely misses you.
You closely miss the frilled lizard. The frilled lizard bites you.
The frilled lizard barely misses you.
You closely miss the frilled lizard. You block the frilled lizard's attack.
You barely miss the frilled lizard. The frilled lizard misses you.
You hit the frilled lizard.
You kill the frilled lizard!
You start resting.
HP restored.
l - 14 poisoned darts (gained 12) Eustachio the Magnificent comes into view.
He is wielding a +2 rapier of holy wrath and carrying a wand of flame (13).
Eustachio zaps a wand.
The puff of flame hits you! The fire burns you terribly!
Really read
i - a scroll of teleportation {@r3 !r}?
As you read the scroll of teleportation {@r3 !r}, it crumbles to dust.
You feel strangely unstable.
Your surroundings suddenly seem different.
A wight comes into view. It is wielding a +3 dire flail.
A wight comes into view. It is wielding a +4 mace.
A wight comes into view. It is wielding a +0 flail.
Found a ring mail, a robe, a leather armour and 13 gold pieces. 2 wights come into view.
Unknown command.
Okay, then.
The wight hits you with a +0 flail! The wight barely misses you.
The wight hits you with a +4 spear.
The wight hits you from afar with a +4 spear.
* * * LOW HITPOINT WARNING * * *
Unknown command.
Grinder comes into view.
Grinder blinks!
Grinder hits you.
* * * LOW HITPOINT WARNING * * *
Grinder hits you.
* * * LOW HITPOINT WARNING * * *
Grinder gestures at you.
You suddenly lose the ability to move!
Grinder hits you but does no damage. Grinder hits you!
You die...

#.##
####..##
#......#
......##
.......
.....#.#
#.##.#§#
#@##.#.#
#.5#.#.#
##zz.#.#
###z#.#
####zz.##
#.......#
#.z..[..#
#.......###
#...........


You could see Grinder and 5 wights.

Vanquished Creatures
  2 adders (D:2)
  A white imp (D:5)
  A worm (D:2)
  2 dart slugs
  5 bats
  A giant cockroach (D:1)
  6 goblins
  2 hobgoblins
  7 kobolds
  A quokka (D:1)
  A ball python (D:2)
  4 frilled lizards
  8 rats
41 creatures vanquished.

Notes
Turn   | Place    | Note
-------+----------+-------------------------------------------
     0 | D:1      | EnegeticOcto the Mummy Necromancer began the quest for the
                  | Orb.
     0 | D:1      | Reached XP level 1. HP: 13/13 MP: 4/4
   156 | D:1      | Reached skill level 2 in Stealth
   331 | D:1      | Reached XP level 2. HP: 19/19 MP: 3/5
   950 | D:1      | Reached skill level 3 in Stealth
  1582 | D:2      | Reached XP level 3. HP: 23/24 MP: 4/7
  1615 | D:2      | Learned a level 3 spell: Vampiric Draining
  1646 | D:2      | Reached skill level 3 in Spellcasting
  1798 | D:2      | Reached skill level 1 in Fighting
  2637 | D:3      | You fall into a shaft and drop 2 floors!
  2637 | D:5      | Entered Level 5 of the Dungeon
  2644 | D:5      | Reached XP level 4. HP: 27/33 MP: 8/8
  2722 | D:5      | Noticed Eustachio
  2737 | D:5      | Noticed Grinder
  2742 | D:5      | Paralysed by Grinder for 4 turns
  2745 | D:5      | Mangled by Grinder

Illustrated notes

Levels and vault maps discovered:
D:1:      minmay_arrival_arboretum_small, layout_basic,
          hangedman_abyss_or_decor_stabs
D:2:      layout_loops_ring
D:3:      layout_basic, uniq_crazy_yiuf_cottage
D:5:      layout_rooms, uniq_eustachio, uniq_grinder, uniq_menkaure

Skill      XL: |  1  2  3 |
---------------+----------+-----
Stealth        | 2 3 |  3.0
Spellcasting   | 3 |  3.0
Fighting       | 1 |  1.7
Dodging        | |  1.5
Necromancy     | |  4.2

Action                   |  1- 3 |  4- 6 || total
-------------------------+-------+-------++-------
Melee: Quarterstaff      |     4 |     9 ||    13
 Fire: Hunting sling     |     9 |       ||     9
 Cast: Pain              |    81 |       ||    81
  Use: Scroll            |     3 |     1 ||     4
Armor: Robe              |     4 |     1 ||     5
Dodge: Dodged            |    14 |     5 ||    19
Block: Other             |     6 |     4 ||    10

Table legend: (Time is in decaauts)
 A = Elapsed time spent in this place.
 B = Non-inter-level travel time spent in this place.
 C = Inter-level travel time spent in this place.
 D = Time resting spent in this place.
 E = Time spent auto-exploring this place.
 F = Levels seen in this place.
 G = Mean time per level.
                   A        B        C        D        E       F      G
               +--------+--------+--------+--------+--------+-----+--------+
         Total |   2749 |   2642 |    107 |    363 |   1674 |   4 |  687.2 |
       Dungeon |   2749 |   2642 |    107 |    363 |   1674 |   4 |  687.2 |
               +--------+--------+--------+--------+--------+-----+--------+

Top non-repeatable levels by time:
     D:1: 1485 daAuts
     D:2: 1141 daAuts
     D:5: 111 daAuts
     D:3: 10 daAuts
